 Dungeon Crawl Stone Soup version 0.23-a0-650-ga4d50d4 (webtiles) character file.

3191 Borgoz the Protected (level 9, -10/57 HPs)
             Began as a Gargoyle Fighter on Jan 3, 2019.
             Was a Believer of Vehumet.
             Mangled by an orc warrior
             ... wielding a +0 war axe
              (17 damage)
             ... on level 7 of the Dungeon.
             The game lasted 00:15:14 (7587 turns).

Borgoz the Protected (Gargoyle Fighter)             Turns: 7587, Time: 00:15:16

Health: -10/57     AC: 15    Str: 16 (19) XL:     9   Next: 96%
Magic:  9/9        EV:  9    Int: 16      God:    Vehumet [**....]
Gold:   285        SH:  0    Dex: 10 (12) Spells: 8/8 levels left

rFire    . . .     SeeInvis .   a - +0 flail
rCold    . . .     Gourm    .   (no shield)
rNeg     + . .     Faith    .   b - +0 scale mail
rPois    ∞         Spirit   .   (no helmet)
rElec    +         Reflect  .   (no cloak)
rCorr    .         Harm     .   (no gloves)
MR       .....                  (no boots)
Stlth    ..........             (no amulet)
HPRegen  0.19/turn              v - +6 ring of intelligence
MPRegen  0.11/turn              (no ring)

@: no status effects
A: negative energy resistance 1, electricity resistance, unbreathing,
petrification resistance, rot immunity, AC +6
a: Renounce Religion


You were on level 7 of the Dungeon.
You worshipped Vehumet.
Vehumet was pleased with you.
You were not hungry.

You visited 2 branches of the dungeon, and saw 8 of its levels.

You collected 285 gold pieces.

Inventory:

Hand Weapons
 a - a +0 flail (weapon)
 s - a +1 whip of electrocution
Missiles
 m - 3 silver tomahawks (quivered)
Armour
 b - a +0 scale mail (worn)
 c - a +0 shield
 x - a +2 leather armour of positive energy
Jewellery
 v - a +6 ring of intelligence (left hand)
Wands
 t - a wand of polymorph (9)
 w - a wand of iceblast (7)
Scrolls
 d - 2 scrolls of noise {unknown}
 g - a scroll of enchant weapon {unknown}
 h - a scroll of magic mapping {unknown}
 i - 9 scrolls of identify {unknown}
 l - 4 scrolls of remove curse {unknown}
 n - 5 scrolls of teleportation {unknown}
 o - 2 scrolls of immolation {unknown}
 q - 2 scrolls of blinking {unknown}
 r - a scroll of acquirement {unknown}
 u - a scroll of fog {unknown}
 y - a scroll of fear {unknown}
 z - a scroll of amnesia {unknown}
Potions
 e - 5 potions of degeneration
 j - 3 potions of curing
 k - a potion of lignification
Comestibles
 f - 13 rations


   Skills:
 + Level 7.4 Fighting
 * Level 8.9 Maces & Flails
 * Level 10.0 Armour
 - Level 3.2 Shields


You had 8 spell levels left.
You didn't know any spells.
Your spell library was empty.

Dungeon Overview and Level Annotations

Branches:
Dungeon (7/15)             Temple (1/1) D:4

Altars:
Ashenzari
Cheibriados
Dithmenos
Fedhas
Gozag
Hepliaklqana
Kikubaaqudgha
Makhleb
Nemelex Xobeh
Okawaru
Qazlal
Ru
Sif Muna
Trog
Uskayaw
Vehumet
Xom
Yredelemnul
Zin
The Shining One

Annotations:
D:4 2 transporters


Innate Abilities, Weirdness & Mutations

You are resistant to torment.
Your stone body is resilient. (AC +6)
You are immune to poison.
You resist negative energy. (rN+)
You are resistant to electric shocks. (rElec)
You can survive without breathing.
You are immune to petrification.
You are immune to rotting.


Message History

The orc warrior barely misses you. The orc closely misses you.
The orc wizard hits you but does no damage.
You hit the orc warrior.
The orc warrior is moderately wounded.
The orc wizard points at you and mumbles some strange words.
The magic dart hits you! The orc warrior barely misses you.
The orc hits you but does no damage.
You completely miss the orc warrior.
The orc warrior is moderately wounded.
The orc wizard hits you but does no damage.
The orc warrior hits you with a +0 war axe!
* * * LOW HITPOINT WARNING * * *
The orc hits you but does no damage. The orc wizard barely misses you.
Your scale mail prevents you from hitting the orc warrior.
The orc warrior is moderately wounded.
The orc wizard hits you with a +0 dagger.
* * * LOW HITPOINT WARNING * * *
The orc barely misses you.
The orc warrior hits you with a +0 war axe!
You die...

... . ..# .. ..## ...#
######..# ## ....
.....##...##..##.# ...
#....o....#.....#.. ..
#....o@.)).[........ .
###...o.†.....####.####
#.....)###..##.....##
#......# #..#.......#
#.....## #..#.......#
####### #......_.)..
#..#.......#
#..#.......#
#..##.....##


You could see an orc warrior, an orc wizard and an orc.

Vanquished Creatures
  Pikel (D:4)
  Joseph (D:7)
  Sigmund (D:3)
  A human (D:5)
  A black bear (D:6)
  A slave (D:4)
  2 phantoms
  4 centaurs
  2 ogres
  Blork the orc (D:4)
  A water moccasin skeleton (D:6)
  A scorpion (D:5)
  A howler monkey (D:6)
  A vampire bat (D:3)
  4 crimson imps
  A jelly (D:5)
  8 orc priests
  A quasit (D:5)
  A hound (D:6)
  8 orc wizards
  2 iguanas (D:6)
  Terence (D:3)
  Natasha (D:3)
  5 worker ants
  A worker ant zombie (D:5)
  Robin (D:3)
  A gnoll (D:4)
  A howler monkey skeleton (D:6)
  6 adders
  2 shadow imps
  An adder skeleton (D:5)
  An adder zombie (D:7)
  A worm (D:2)
  A dart slug (D:1)
  8 leopard geckos
  12 orcs
  8 bats
  2 giant cockroaches
  21 goblins
  7 hobgoblins
  12 jackals
  13 kobolds
  2 quokkas
  3 ball pythons
  3 frilled lizards
  A jackal skeleton (D:5)
  A quokka skeleton (D:4)
  5 rats (D:1)
  A bush (D:1)
166 creatures vanquished.

Vanquished Creatures (others)
  A slave (D:5)
  A bullfrog zombie (D:5)
  A worker ant (D:5)
  2 adder zombies (D:5)
  An orc (D:5)
6 creatures vanquished.

Grand Total: 172 creatures vanquished

Notes
Turn   | Place    | Note
-------+----------+-------------------------------------------
     0 | D:1      | Borgoz the Gargoyle Fighter began the quest for the Orb.
     0 | D:1      | Reached XP level 1. HP: 14/14 MP: 1/1
    57 | D:1      | Reached XP level 2. HP: 16/19 MP: 2/2
   533 | D:1      | Reached XP level 3. HP: 23/23 MP: 3/3
   872 | D:2      | Reached skill level 4 in Armour
  1065 | D:2      | Found a snail-covered altar of Cheibriados.
  1481 | D:3      | Reached XP level 4. HP: 26/29 MP: 4/4
  1490 | D:3      | Noticed Sigmund
  1512 | D:3      | Killed Sigmund
  1512 | D:3      | Reached skill level 5 in Armour
  1512 | D:3      | Reached XP level 5. HP: 11/33 MP: 5/5
  1512 | D:3      | Reached XP level 6. HP: 12/38 MP: 6/6
  2192 | D:3      | Noticed Robin
  2225 | D:3      | Killed Robin
  2267 | D:3      | Found an iron altar of Okawaru.
  2338 | D:3      | Noticed Terence
  2349 | D:3      | Killed Terence
  2429 | D:3      | Noticed Natasha
  2435 | D:3      | Killed Natasha
  2586 | D:4      | Noticed Blork the orc
  2601 | D:4      | Killed Blork the orc
  2601 | D:4      | Reached XP level 7. HP: 12/44 MP: 7/7
  2936 | D:4      | Reached skill level 6 in Armour
  2974 | D:4      | Found a staircase to the Ecumenical Temple.
  3021 | Temple   | Entered the Ecumenical Temple
  3160 | Temple   | Became a worshipper of Vehumet
  3189 | D:4      | Found a transporter.
  3323 | D:4      | Found a hide-covered altar of Uskayaw.
  3325 | D:4      | Noticed a hungry ghost
  3337 | D:4      | Found a transporter.
  3397 | D:4      | Reached skill level 5 in Maces & Flails
  3761 | D:4      | Found a deep blue altar of Sif Muna.
  3763 | D:4      | Found an ancient bone altar of Kikubaaqudgha.
  3766 | D:4      | Found a shadowy altar of Dithmenos.
  3789 | D:4      | Reached skill level 5 in Fighting
  3894 | D:4      | Reached * piety under Vehumet
  3894 | D:4      | Offered knowledge of Magic Dart by Vehumet.
  4132 | D:5      | Entered Level 5 of the Dungeon
  4215 | D:5      | Reached XP level 8. HP: 46/49 MP: 8/8
  4421 | D:5      | Found a blossoming altar of Fedhas.
  4432 | D:4      | Reached skill level 7 in Armour
  4556 | D:5      | Noticed Pikel
  4629 | D:4      | Killed Pikel
  4629 | D:4      | Reached skill level 8 in Armour
  5236 | D:5      | Reached XP level 9. HP: 44/55 MP: 9/9
  5345 | D:5      | Found a runed door.
  5364 | D:5      | Found a glowing golden altar of the Shining One.
  5622 | D:5      | Found a basalt altar of Yredelemnul.
  5967 | D:6      | Reached skill level 9 in Armour
  6522 | D:6      | Reached ** piety under Vehumet
  6522 | D:6      | Offered knowledge of Throw Frost by Vehumet.
  6558 | D:6      | Found a shattered altar of Ashenzari.
  6832 | D:6      | Found a bloodstained altar of Trog.
  7226 | D:7      | Found a stormy altar of Qazlal.
  7226 | D:7      | Noticed Joseph
  7250 | D:7      | Killed Joseph
  7521 | D:7      | Found a shadowy altar of Dithmenos.
  7549 | D:7      | Reached skill level 10 in Armour
  7587 | D:7      | Mangled by an orc warrior

Vault maps used:
D:1:      minmay_arrival_open_corners, lexackson_kobold_supper
D:2:      cheibriados_altar_1, serial_curves, eino_curves_04, eino_curves_01
D:3:      kennysheep_okawaru_gauntlet, first_ration, roderic_batcave,
          uniq_terence, uniq_natasha, uniq_sigmund, uniq_robin
D:4:      gammafunk_temple_overflow_arena, minitemple,
          minmay_temple_entry_waves, minmay_between, uniq_blork_the_orc
D:5:      tso_metal_star, basic_altar, dk_yredelemnul_ordeal, uniq_pikel
D:6:      ashenzari_altar_1, nicolae_overflow_hidden_temple
D:7:      cheibrodos_quashed, old_standard_altar, old_standard_altar,
          basic_altar, minmay_misc_feat_tower, tgw_kikubaaqudgha, uniq_joseph
Temple:   nicolae_temple_figure_zero

Skill      XL: |  1  2  3  4  5  6  7  8  9 |
---------------+----------------------------+-----
Armour         | 4 5 6 8 10 | 10.0
Maces & Flails | 3 4 5 7 8 |  8.9
Fighting       | 4 5 6 7 |  7.4
Shields        | |  3.2

Action                   |  1- 3 |  4- 6 |  7- 9 || total
-------------------------+-------+-------+-------++-------
Melee: Flail             |   198 |   127 |   565 ||   890
  Use: Potion            |       |     2 |     5 ||     7
 Stab: Distracted        |       |       |     1 ||     1
  Eat: Chunk             |     2 |     4 |    17 ||    23
Armor: Scale mail        |   113 |   136 |   417 ||   666
       Skin              |       |       |    44 ||    44
Dodge: Dodged            |    73 |   121 |   309 ||   503
Block: Shield            |    47 |       |       ||    47

Table legend:
 A = Non-vault XP
 B = Vault XP
 C = Vault XP percentage of total XP
 D = Non-vault monster count
 E = Vault monster count
 F = Vault count percentage of total count
                 A         B        C        D         E       F
            +---------+---------+-------+---------+---------+-------
      Total |    2689 |    1870 |  41.0 |     124 |      40 |  24.4
            +---------+---------+-------+---------+---------+-------
        D:1 |      34 |      14 |  29.2 |      20 |       8 |  28.6
        D:2 |      31 |       0 |   0.0 |      14 |       0 |   0.0
        D:3 |      93 |     388 |  80.7 |      11 |      22 |  66.7
        D:4 |     502 |     807 |  61.7 |      30 |       7 |  18.9
        D:5 |     572 |     190 |  24.9 |      16 |       2 |  11.1
        D:6 |    1101 |       0 |   0.0 |      20 |       0 |   0.0
        D:7 |     356 |     471 |  57.0 |      13 |       1 |   7.1
            +---------+---------+-------+---------+---------+-------
